 Dungeon Crawl Stone Soup version 0.20.1-1-g8b1a95d (webtiles) character file.

11140 Pereza0 the Basher (level 11, -15/107 HPs)
             Began as an Ogre Warper on Nov 24, 2017.
             Was a Priest of Nemelex Xobeh.
             Demolished by kibaces's ghost (27 damage)
             ... on level 10 of the Dungeon on Nov 27, 2017.
             The game lasted 01:46:58 (23843 turns).

Pereza0 the Basher (Ogre Warper)                   Turns: 23843, Time: 01:46:59

Health: -15/107    AC:  6    Str: 18    XL:     11   Next: 73%
Magic:  4/16       EV: 11    Int: 21    God:    Nemelex Xobeh [***...]
Gold:   629        SH:  9    Dex: 10    Spells: 3/17 levels left

rFire    . . .     SeeInvis .   n - +0 morningstar (protect)
rCold    . . .     Gourm    .   S - +0 shield
rNeg     + . .     Faith    .   W - +2 robe {rN+}
rPois    .         Spirit   .   (helmet restricted)
rElec    .         Reflect  .   V - +0 cloak
rCorr    .         Harm     .   (gloves unavailable)
MR       +....                  (boots unavailable)
Stlth    +.........             (no amulet)
Regen    0.3/turn               E - +2 ring of evasion
MPRegen  0.2/turn               R - +5 ring of intelligence

@: lethally poisoned (-15 -> -24), very slightly contaminated
A: unfitting armour, agile 1, blurry vision 1, frail 1, tough skin 1, wild magic
1
a: Triple Draw, Renounce Religion


You were on level 10 of the Dungeon.
You worshipped Nemelex Xobeh.
Nemelex Xobeh was most pleased with you.
You were hungry.

You visited 2 branches of the dungeon, and saw 11 of its levels.
You also visited: Sewer and Ossuary.

You collected 740 gold pieces.
You spent 111 gold pieces at shops.

Inventory:

Hand Weapons
 n - a +0 morningstar of protection (weapon)
 s - a +0 giant spiked club
 z - a +0 whip
Missiles
 e - 4 tomahawks of dispersal
 i - 364 stones
 y - 11 tomahawks (quivered)
 D - 4 javelins of penetration
Armour
 b - a +0 robe
 S - a +0 shield (worn)
 V - a +0 cloak (worn)
 W - a +2 robe of positive energy (worn)
Jewellery
 E - a +2 ring of evasion (left hand)
 O - an uncursed ring of flight
 P - an uncursed ring of stealth
 R - a +5 ring of intelligence (right hand)
Wands
 d - a wand of polymorph (16/24)
 k - a wand of paralysis (16/24)
 p - a wand of disintegration (0/24)
 K - a wand of random effects (6/48)
 T - a wand of enslavement (15/24)
Scrolls
 j - 4 scrolls of teleportation
 l - 4 scrolls of recharging
 o - 5 scrolls of enchant weapon
 r - 2 scrolls of fog
 t - a scroll of random uselessness {unknown}
 w - 4 scrolls of enchant armour
 x - 5 scrolls of remove curse
 L - a scroll of amnesia
 Y - a scroll of summoning {unknown}
 Z - a scroll of fear {unknown}
Potions
 g - 2 potions of berserk rage
 h - 2 potions of flight
 v - a potion of brilliance
 A - a potion of magic {unknown}
 B - 2 potions of might
 C - 2 potions of agility
 G - 4 potions of curing
 H - a potion of invisibility
 I - a potion of resistance
Books
 a - a book of Spatial Translocations

   Spells                             Type                      Level
   a - Blink                          Translocation                2
   b - Shroud of Golubria             Charms/Translocation         2
   c - Lesser Beckoning               Translocation                3
   d - Gell's Gravitas                Translocation                3
   e - Teleport Other                 Translocation                3
   f - Passage of Golubria            Translocation                4
 N - a book of Cantrips

   Spells                             Type                      Level
   a - Confusing Touch                Hexes                        1
   b - Animate Skeleton               Necromancy                   1
   c - Summon Small Mammal            Summoning                    1
   d - Apportation                    Translocation                1
Miscellaneous
 c - an ornate deck of destruction {drawn: 5}
 J - a lightning rod (inert)
 Q - a plain deck of escape {drawn: 1}
 U - an ornate deck of destruction
Comestibles
 f - 14 bread rations
 m - 6 fruits
 q - 7 royal jellies
 M - 6 meat rations
 X - a chunk of flesh


   Skills:
 - Level 10.3 Fighting
 + Level 11.0 Maces & Flails
 - Level 1.1 Throwing
 - Level 2.1 Dodging
 * Level 5.7 Shields
 - Level 3.5 Spellcasting
 - Level 3.7 Charms
 - Level 6.2 Translocations
 + Level 4.8 Invocations
 + Level 2.0 Evocations


You had 3 spell levels left.
You knew the following spells:

 Your Spells              Type           Power        Failure   Level  Hunger
a - Shroud of Golubria    Chrm/Tloc      ####......   8%          2    ##.....
b - Blink                 Tloc           N/A          5%          2    ##.....
c - Teleport Other        Tloc           #####...     10%         3    ###....
d - Lesser Beckoning      Tloc           #####.....   10%         3    ###....
e - Gell's Gravitas       Tloc           #####.....   10%         3    ###....
f - Apportation           Tloc           #####.       3%          1    None


Dungeon Overview and Level Annotations

Branches:
Dungeon (10/15)            Temple (1/1) D:4
   Lair: D:8-11         Orc: D:9-12

Altars:
Ashenzari
Cheibriados
Dithmenos
Elyvilon
Fedhas
Gozag
Hepliaklqana
Kikubaaqudgha
Makhleb
Nemelex Xobeh
Okawaru
Qazlal
Ru
Sif Muna
Trog
Uskayaw
Vehumet
Xom
Yredelemnul
Zin
The Shining One

Shops:
D:9 [

Annotations:
D:10 kibaces's ghost, novice FeBe


Innate Abilities, Weirdness & Mutations

You are too large for most types of armour.
You have tough skin. (AC +1)
You are agile. (Dex +2)
Scrolls take you a little longer to read.
You are frail. (-10% HP)
Your spells are a little harder to cast, but a little more powerful.


Message History

You begin reading the scroll.
You continue reading the scroll.
You feel sick. Something stings you.
* * * LOW HITPOINT WARNING * * *
The killer bee stings you.
* * * LOW HITPOINT WARNING * * *
Something stings you.
* * * LOW HITPOINT WARNING * * *
The killer bee closely misses you.
Blink to where?
Press: ? - help, Dir - move target cursor You are very lightly contaminated with residual magic.
As you read the scroll of blinking, it crumbles to dust.
You feel sick.
You feel sick.
Kibaces's ghost turns its malevolent gaze towards you.
You block kibaces's ghost's attack.
There is an open door here.
You feel sick. Kibaces's ghost hits you!!
You die...
Your body glows slightly and disappears.

#..........# #..........#
######'##### #..........# #.###
#..........# #...##
##'######### ###..# #...# ##
#######'## ###.# .# #........#
##'###### .##### #........###
#.......# .†...####....(..@'.#
#.......#
.###....'.......W#.####.......#
.# ######<)......#...##.......#
.# #........###.{#.......# .#
#........# #.y.......# PP
#........# ###.......# P.
#######+## ####§#### y♣ #y|# .P
######a#####


You could see a killer bee and kibaces's ghost.

Vanquished Creatures
  3 two-headed ogres
  Prince Ribbit (D:8)
  A hippogriff (D:7)
  9 yaks
  A human (D:7)
  4 hogs (D:7)
  2 basilisks (D:10)
  2 porcupines
  2 water moccasins
  3 orc warriors
  A sky beast (D:6)
  3 ice beasts
  3 black bears
  8 ogres
  4 centaurs
  A crocodile (D:9)
  7 bullfrogs
  5 big kobolds
  A scorpion (D:4)
  17 killer bees
  A wight (D:8)
  2 howler monkeys (D:8)
  5 crimson imps
  A centaur zombie (D:9)
  7 orc priests
  A bullfrog zombie (D:9)
  A centaur skeleton (D:9)
  2 hounds
  2 jellies (D:9)
  13 orc wizards
  3 iguanas
  8 worker ants
  4 mummies
  A hound skeleton (D:10)
  22 adders
  5 gnolls
  A howler monkey skeleton (D:4)
  4 river rats (Sewer)
  2 shadow imps
  6 oozes
  2 adder zombies
  4 adder skeletons
  4 worms
  2 dart slugs (D:1)
  6 leopard geckos
  44 orcs
  7 ball pythons
  9 giant cockroaches
  4 goblins
  7 hobgoblins
  12 jackals
  7 quokkas
  7 bats
  8 frilled lizards
  A jackal skeleton (D:4)
  19 kobolds
  2 leopard gecko skeletons
  A leopard gecko zombie (D:6)
  A quokka skeleton (D:8)
  A quokka zombie (D:8)
  20 rats
337 creatures vanquished.

Vanquished Creatures (collateral kills)
  Maurice (D:9)
  A hippogriff (D:8)
  2 elf zombies (Ossuary)
  A wight (D:8)
  An orc priest (D:8)
  3 human zombies (Ossuary)
  2 orc wizards (D:8)
  A big kobold zombie (Ossuary)
  3 hound zombies (Ossuary)
  A mummy (Ossuary)
  An orc (D:8)
  2 jackal zombies (Ossuary)
  An orc zombie (Ossuary)
20 creatures vanquished.

Vanquished Creatures (others)
  A wizard (D:9)
  A scorpion (D:8)
  An orc wizard (D:4)
  2 gnolls
  2 orcs (D:7)
  4 fungi (D:10)
  5 plants (D:10)
16 creatures vanquished.

Grand Total: 373 creatures vanquished

Notes
Turn   | Place    | Note
-------+----------+-------------------------------------------
     0 | D:1      | Pereza0 the Ogre Warper began the quest for the Orb.
     0 | D:1      | Reached XP level 1. HP: 22/22 MP: 3/3
   157 | D:1      | Reached skill level 2 in Maces & Flails
   208 | D:1      | Reached XP level 2. HP: 23/31 MP: 5/5
   683 | D:1      | Reached XP level 3. HP: 37/37 MP: 6/6
  2372 | D:1      | Learned a level 2 spell: Shroud of Golubria
  2375 | D:1      | Learned a level 2 spell: Blink
  2388 | D:2      | Reached skill level 3 in Maces & Flails
  2388 | D:2      | Reached XP level 4. HP: 27/48 MP: 3/7
  3637 | D:1      | Reached XP level 5. HP: 44/54 MP: 5/8
  3729 | D:2      | Reached skill level 1 in Charms
  4446 | D:3      | Learned a level 3 spell: Teleport Other
  4742 | D:3      | Reached skill level 4 in Maces & Flails
  5117 | D:3      | Reached XP level 6. HP: 26/63 MP: 0/9
  6145 | D:4      | Found a sacrificial altar of Ru.
  6386 | D:4      | Noticed an ice beast
  6486 | D:4      | Killed an ice beast
  6486 | D:4      | Reached skill level 5 in Maces & Flails
  6486 | D:4      | Reached XP level 7. HP: 32/71 MP: 10/10
  6717 | D:4      | Reached skill level 5 in Fighting
  6732 | D:4      | Learned a level 3 spell: Lesser Beckoning
  7327 | D:3      | Reached skill level 6 in Maces & Flails
  7673 | D:3      | Reached XP level 8. HP: 60/83 MP: 9/11
  8124 | D:4      | Found a staircase to the Ecumenical Temple.
  8133 | Temple   | Entered the Ecumenical Temple
  8280 | Temple   | Became a worshipper of Nemelex Xobeh the Trickster
  8604 | D:5      | Entered Level 5 of the Dungeon
  8677 | D:5      | Gained mutation: You occasionally shout uncontrollably at your foes. [potion of mutation]
  8677 | D:5      | Gained mutation: Your system is resistant to poisons. (rPois) [potion of mutation]
  8678 | D:5      | Lost mutation: Your system is resistant to poisons. (rPois) [potion of mutation]
  8678 | D:5      | Lost mutation: You occasionally shout uncontrollably at your foes. [potion of mutation]
  8678 | D:5      | Gained mutation: You have a pair of small antennae on your head. [potion of mutation]
  8678 | D:5      | Gained mutation: You passively map a small area around you. [potion of mutation]
  8678 | D:5      | Gained mutation: You are somewhat resistant to further mutation. [potion of mutation]
  8728 | D:5      | Found a glowing drain.
  8747 | Sewer    | Entered a sewer
  8921 | Sewer    | Received a gift from Nemelex Xobeh
  9518 | Sewer    | Reached skill level 7 in Maces & Flails
 10235 | D:5      | Found a white marble altar of Elyvilon.
 10704 | D:5      | Reached * piety under Nemelex Xobeh
 11188 | D:5      | Reached XP level 9. HP: 83/93 MP: 12/12
 11897 | D:6      | Reached ** piety under Nemelex Xobeh
 12050 | D:6      | Reached skill level 8 in Maces & Flails
 12386 | D:6      | Reached skill level 5 in Translocations
 12825 | D:7      | Reached skill level 1 in Invocations
 13179 | D:7      | Found a hide-covered altar of Uskayaw.
 13180 | D:7      | Found a snail-covered altar of Cheibriados.
 13208 | D:7      | Reached *** piety under Nemelex Xobeh
 13208 | D:7      | Received a gift from Nemelex Xobeh
 13224 | D:7      | Found a sand-covered staircase.
 13231 | Ossuary  | Entered an ossuary
 13508 | Ossuary  | Learned a level 3 spell: Gell's Gravitas
 14415 | D:7      | Learned a level 1 spell: Apportation
 14740 | D:7      | Reached skill level 9 in Maces & Flails
 14958 | D:7      | Reached XP level 10. HP: 60/107 MP: 15/15
 15785 | D:7      | Received a gift from Nemelex Xobeh
 17233 | D:8      | Noticed a two-headed ogre
 17257 | D:8      | Killed a two-headed ogre
 17257 | D:8      | Reached skill level 10 in Maces & Flails
 17766 | D:8      | Reached skill level 10 in Fighting
 18500 | D:8      | Noticed Prince Ribbit
 18507 | D:8      | Killed Prince Ribbit
 19021 | D:8      | Reached XP level 11. HP: 112/118 MP: 14/16
 19203 | D:9      | Noticed Maurice
 19426 | D:9      | Found a bloodstained altar of Trog.
 19427 | D:9      | Noticed a wizard
 19432 | D:9      | Killed a wizard
 19481 | D:9      | Noticed a two-headed ogre
 19540 | D:9      | Killed a two-headed ogre
 19540 | D:9      | Reached skill level 1 in Evocations
 20203 | D:9      | Lost mutation: You are somewhat resistant to further mutation. [potion of mutation]
 20203 | D:9      | Lost mutation: You have a pair of small antennae on your head. [potion of mutation]
 20203 | D:9      | Lost mutation: You passively map a small area around you. [potion of mutation]
 20203 | D:9      | Gained mutation: Scrolls take you a little longer to read. [potion of mutation]
 20203 | D:9      | Gained mutation: You expend magic power (3 MP) to strengthen your wands. [potion of mutation]
 20203 | D:9      | Gained mutation: You are covered in fur. (AC +1) [potion of mutation]
 20204 | D:9      | Lost mutation: Scrolls take you a little longer to read. [potion of mutation]
 20204 | D:9      | Lost mutation: You expend magic power (3 MP) to strengthen your wands. [potion of mutation]
 20204 | D:9      | Lost mutation: You are covered in fur. (AC +1) [potion of mutation]
 20204 | D:9      | Gained mutation: Scrolls take you a little longer to read. [potion of mutation]
 20204 | D:9      | Gained mutation: You are agile. (Dex +2) [potion of mutation]
 20204 | D:9      | Gained mutation: You are frail. (-10% HP) [potion of mutation]
 20204 | D:9      | Gained mutation: Your spells are a little harder to cast, but a little more powerful. [potion of mutation]
 20217 | D:9      | Found Rekk's Antique Armour Boutique.
 20323 | D:9      | Found a shimmering altar of Xom.
 20324 | D:9      | Found a hazy altar of Hepliaklqana.
 20482 | D:9      | Received a gift from Nemelex Xobeh
 20638 | D:10     | Entered Level 10 of the Dungeon
 20800 | D:9      | Killed Maurice
 20869 | D:9      | Bought a runed robe for 111 gold pieces
 20902 | D:9      | Found a shimmering altar of Xom.
 20903 | D:9      | Found a hazy altar of Hepliaklqana.
 21213 | D:9      | Found a bloodstained altar of Trog.
 21449 | D:10     | Noticed kibaces's ghost (novice FeBe)
 22588 | D:9      | Found a bloodstained altar of Trog.
 22718 | D:9      | Found Rekk's Antique Armour Boutique.
 22751 | D:9      | Reached skill level 5 in Shields
 22788 | D:9      | Noticed a two-headed ogre
 22812 | D:9      | HP: 5/107 [two-headed ogre/giant spiked club (2)]
 22819 | D:9      | Killed a two-headed ogre
 22819 | D:9      | Reached skill level 11 in Maces & Flails
 23453 | D:9      | Found a shimmering altar of Xom.
 23454 | D:9      | Found a hazy altar of Hepliaklqana.
 23745 | D:10     | Received a gift from Nemelex Xobeh
 23843 | D:10     | Demolished by kibaces's ghost

Skill      XL: |  1  2  3  4  5  6  7  8  9 10 11 |
---------------+----------------------------------+-----
Maces & Flails | 2 3 4 5 6 7 9 10 11 | 11.0
Fighting       | 3 4 5 7 9 10 | 10.3
Charms         | 1 2 3 |  3.7
Translocations | 3 4 5 6 |  6.2
Invocations    | 2 4 |  4.8
Spellcasting   | 3 |  3.5
Shields        | 5 |  5.7
Evocations     | 2 |  2.0
Throwing       | |  1.1
Dodging        | |  2.1

Action                   |  1- 3 |  4- 6 |  7- 9 | 10-12 || total
-------------------------+-------+-------+-------+-------++-------
Melee: Mace              |   151 |   264 |    11 |       ||   426
       Dagger            |       |     6 |       |       ||     6
       Giant club        |       |       |   363 |   213 ||   576
       Whip              |       |       |   230 |   196 ||   426
       Giant spiked club |       |       |    34 |       ||    34
       Morningstar       |       |       |       |   255 ||   255
Throw: Stone             |    44 |    35 |     5 |       ||    84
       Tomahawk          |     1 |       |       |     3 ||     4
 Cast: Shroud of Golubri |     2 |    25 |    21 |    12 ||    60
       Blink             |       |     4 |     8 |     9 ||    21
       Teleport Other    |       |     3 |    28 |    21 ||    52
       Gell's Gravitas   |       |       |       |     4 ||     4
       Lesser Beckoning  |       |       |       |     1 ||     1
Invok: Triple Draw       |       |       |       |     1 ||     1
Evoke: Wand              |       |     2 |     6 |    11 ||    19
       Deck              |       |       |     8 |     9 ||    17
       Lightning rod     |       |       |       |     4 ||     4
  Use: Scroll            |     1 |     3 |     6 |     9 ||    19
       Potion            |       |       |     6 |    11 ||    17
 Stab: Distracted        |       |       |       |     1 ||     1
       Sleeping          |       |       |       |     1 ||     1
  Eat: Chunk             |     4 |    17 |    29 |    31 ||    81
       Fruit             |       |       |     4 |     1 ||     5
Armor: Robe              |    39 |    69 |   106 |   112 ||   326
       Skin              |       |       |    65 |    79 ||   144
Dodge: Dodged            |   104 |   167 |   307 |   282 ||   860
Block: Shield            |       |       |       |   107 ||   107
